 Dungeon Crawl Stone Soup version 0.18.1-8-gdd0e5ea (webtiles) character file.

499 zeroDi the Cutter (level 7, 0/34 HPs)
             Began as a Vine Stalker Assassin on June 2, 2016.
             Slain by Thrillho's ghost (3 damage)
             ... on level 5 of the Dungeon.
             The game lasted 00:07:53 (3203 turns).

zeroDi the Cutter (Vine Stalker Assassin)           Turns: 3203, Time: 00:07:54

Health: 0/34       AC:  4    Str: 13    XL:     7   Next: 16%
Magic:  0/8        EV: 11    Int: 11    God:
Gold:   254        SH:  0    Dex: 18    Spells: 0 memorised, 6 levels left

rFire  . . .     SeeInvis .     a - +2 dagger (elec)
rCold  . . .     Gourm    .     c - +0 robe
rNeg   . . .     Faith    .     (no shield)
rPois  .         Spirit   +     (no helmet)
rElec  .         Dismiss  .     d - +0 cloak
rCorr  .         Reflect  .     (no gloves)
SustAt .         Harm     .     x - +0 pair of boots
MR     .....                    (no amulet)
Stlth  +.........               (no ring)
                                (no ring)

@: confused, not resistant to hostile enchantments, very unstealthy
A: fangs 2, regeneration 2, magic shield, antimagic bite, no device heal 3, rot
immunity
a: no special abilities


You were on level 5 of the Dungeon.
You were very hungry.

You visited 1 branch of the dungeon, and saw 5 of its levels.

You collected 254 gold pieces.


Innate Abilities, Weirdness & Mutations

You have extremely sharp teeth.
You heal very quickly.
When hurt, damage is shared between your health and your magic reserves.
Your bite disrupts and absorbs the magic of your enemies.
Potions and wands cannot restore your health.
You are immune to rotting.


   Skills:
 - Level 1.7 Fighting
 - Level 6.8 Short Blades
 - Level 1.7 Throwing
 - Level 0.7 Dodging
 * Level 5.1 Stealth


You had 6 spell levels left.
You didn't know any spells.

Inventory:

Hand Weapons
 a - a +2 dagger of electrocution (weapon)
 b - a +0 blowgun
 r - a +2 dagger
 B - a +0 short sword of freezing
Missiles
 e - 40 poisoned needles
 f - a curare-tipped needle {=f}
 z - 4 javelins (quivered)
Armour
 c - a +0 robe (worn)
 d - a +0 cloak (worn)
 x - a +0 pair of boots (worn)
Jewellery
 l - a +3 ring of intelligence
Wands
 A - a wand of iceblast (5/15)
Scrolls
 j - 2 scrolls of blinking
 k - 5 scrolls of remove curse
 q - 2 scrolls of fog {unknown}
 u - 2 scrolls of magic mapping
 v - a scroll of immolation {unknown}
 w - a scroll of identify {@r1}
 y - a scroll of teleportation {unknown}
Potions
 h - 3 potions of haste {unknown}
 i - 2 potions of curing {@q1}
 m - 5 potions of brilliance {unknown}
 o - a potion of flight
 t - a potion of magic {unknown}
Books
 n - a Fen Folio

   Spells                             Type                      Level
   a - Corpse Rot                     Necromancy                   2
   b - Stone Arrow                    Conjuration/Earth            3
   c - Leda's Liquefaction            Hexes/Earth                  4
   d - Summon Forest                  Summoning/Translocation      5
   e - Hydra Form                     Transmutation                6
   f - Summon Hydra                   Summoning                    7
Comestibles
 g - 6 bread rations
 p - 2 beef jerkies
 s - 2 meat rations

Dungeon Overview and Level Annotations

Branches:
Dungeon (5/15)
 Temple: D:4-7

Altars:
Ashenzari

Annotations:
D:5 Sigmund; Thrillho's ghost, novice SpEn

# ..##.
.(....###
#....@W@#
#.....ZZ.......
##....o.#(##.##
#........#
#....... #
#..)....#
..........
##(>(.....


You could see Sigmund, an orc priest, Thrillho's ghost, a quokka zombie and a
giant gecko skeleton.


Message History

Beogh smites you! Thrillho's ghost barely misses you.
The quokka zombie closely misses you.
There is a stone staircase leading up here.
You see here a poisoned needle.
You hit Thrillho's ghost.
Thrillho's ghost is lightly damaged.
Thrillho's ghost gestures at you while chanting.
You are confused.
You are too confused!
The quokka zombie bites you but does no damage.
Thrillho's ghost hits you.
Sigmund hits you from afar with a scythe.
* * * LOW HITPOINT WARNING * * *
In your confused state, you trip and fall back down the stairs.
The quokka zombie misses you. The giant gecko skeleton misses you.
The orc priest calls down the wrath of Beogh upon you.
Beogh smites you!
* * * LOW HITPOINT WARNING * * *
Thrillho's ghost hits you.
You die...

Action                   |  1- 3 |  4- 6 |  7- 9 || total
-------------------------+-------+-------+-------++-------
Melee: Dagger            |    83 |    81 |    13 ||   177
       Bite              |    23 |    32 |     7 ||    62
       Short sword       |       |    37 |    20 ||    57
 Fire: Blowgun           |       |    14 |     7 ||    21
Throw: Javelin           |       |     1 |       ||     1
  Use: Scroll            |       |     6 |       ||     6
 Stab: Sleeping          |    11 |     9 |     1 ||    21
  Eat: Chunk             |       |     5 |     1 ||     6
Armor: Robe              |    14 |    40 |     5 ||    59
Dodge: Dodged            |    41 |    61 |    18 ||   120

Vault maps used:
D:1:      lightli_arrival_statue_moat, wad_floor_pattern_untrapped
D:2:      nicolae_ashenzari_panopticon
D:3:      minmay_quantized, uniq_natasha
D:4:      first_bread
D:5:      minmay_temple_entry_statues, uniq_sigmund

Notes
Turn   | Place    | Note
--------------------------------------------------------------
     0 | D:1      | zeroDi the Vine Stalker Assassin began the quest for the Orb.
     0 | D:1      | Reached XP level 1. HP: 11/11 MP: 2/2
    35 | D:1      | Reached skill level 2 in Short Blades
    76 | D:1      | Reached XP level 2. HP: 15/15 MP: 3/3
   271 | D:1      | Reached skill level 3 in Short Blades
   286 | D:1      | Reached XP level 3. HP: 16/18 MP: 2/4
   752 | D:2      | Found a shattered altar of Ashenzari.
  1034 | D:3      | Reached XP level 4. HP: 23/23 MP: 5/5
  1249 | D:3      | Reached skill level 4 in Short Blades
  1264 | D:3      | Noticed Natasha
  1268 | D:3      | Killed Natasha
  1458 | D:3      | Reached XP level 5. HP: 26/26 MP: 6/6
  1504 | D:3      | Reached skill level 5 in Short Blades
  1732 | D:3      | Noticed Natasha
  1751 | D:3      | Killed Natasha
  1931 | D:3      | Noticed an ogre
  1945 | D:3      | Killed an ogre
  1945 | D:3      | Gained mutation: You heal very quickly. [Vine Stalker growth]
  1945 | D:3      | Reached XP level 6. HP: 30/30 MP: 7/7
  2006 | D:4      | Reached skill level 6 in Short Blades
  2386 | D:4      | Reached XP level 7. HP: 34/34 MP: 8/8
  2680 | D:5      | Entered Level 5 of the Dungeon
  2680 | D:5      | Noticed Sigmund
  2684 | D:5      | Noticed Thrillho's ghost (novice SpEn)
  2693 | D:4      | HP: 3/34 [orc/dagger of electrocution (12)]
  3159 | D:4      | Reached skill level 5 in Stealth
  3203 | D:5      | HP: 3/34 [orc priest/divine providence (13)]
  3203 | D:5      | Slain by Thrillho's ghost

Vanquished Creatures
  2 ogres
  A howler monkey (D:4)
  An iguana (D:4)
  Natasha (twice) (D:3)
  2 orc wizards (D:3)
  2 gnolls (D:4)
  6 adders
  An adder skeleton (D:4)
  A dart slug (D:1)
  4 giant geckos
  9 orcs
  A ball python (D:4)
  2 giant cockroaches
  10 goblins
  8 hobgoblins
  7 jackals
  A quokka (D:3)
  A ball python skeleton (D:4)
  9 bats
  6 giant newts
  4 kobolds
  6 rats
86 creatures vanquished.
